 Dungeon Crawl Stone Soup version 0.22.1-1-ga44c0e5 (webtiles) character file.

77 MalarOregon the Chiller (level 4, 0/32 HPs)
             Began as a Merfolk Ice Elementalist on Nov 12, 2018.
             Slain by a bullfrog skeleton (2 damage)
             ... on level 3 of the Dungeon.
             The game lasted 00:06:09 (2571 turns).

MalarOregon the Chiller (Merfolk Ice Elementalist)  Turns: 2571, Time: 00:06:11

Health: 0/32       AC:  4    Str:  8    XL:     4   Next: 33%
Magic:  7/7        EV: 11    Int: 15    God:
Gold:   126        SH:  7    Dex: 14    Spells: 4/7 levels left

rFire    . . .     SeeInvis .   c - +1 dagger (pain)
rCold    . . .     Gourm    +   d - +0 shield
rNeg     . . .     Faith    .   a - +0 robe
rPois    .         Spirit   .   (no helmet)
rElec    .         Reflect  .   (no cloak)
rCorr    .         Harm     .   l - +1 pair of gloves
MR       .....                  (no boots)
Stlth    ++........             g - amulet of the gourmand
HPRegen  0.10/turn              (no ring)
MPRegen  0.10/turn              (no ring)

@: hasted, very quick
A: change form in water, swift swim, stealthy swim
a: no special abilities


You were on level 3 of the Dungeon.
You were very full.

You visited 1 branch of the dungeon, and saw 3 of its levels.

You collected 126 gold pieces.

Inventory:

Hand Weapons
 c - a +1 dagger of pain (weapon)
   (You took it off a kobold on level 1 of the Dungeon)
Armour
 a - a +0 robe (worn)
 d - a +0 shield (worn)
   (You found it on level 1 of the Dungeon)
 l - a +1 pair of gloves (worn)
   (You found it on level 2 of the Dungeon)
Jewellery
 g - an amulet of the gourmand (around neck)
   (You found it on level 1 of the Dungeon)
Scrolls
 b - a scroll of teleportation {@r4}
 i - a scroll of enchant weapon
 j - a scroll of noise {!r}
 k - 2 scrolls of remove curse {@r2}
 m - a scroll of enchant armour {unknown}
 n - a scroll of magic mapping {unknown}
Potions
 f - a potion of flight
Comestibles
 e - 4 rations {!d}


   Skills:
 + Level 1.3 Fighting
 + Level 3.3 Dodging
 - Level 2.1 Stealth
 + Level 1.0 Shields
 + Level 2.4 Spellcasting
 + Level 1.2 Conjurations
 * Level 4.0 Ice Magic


You had 4 spell levels left.
You knew the following spells:

 Your Spells              Type           Power        Failure   Level  Hunger
a - Freeze                Ice            ##..         24%         1    #......
x - Throw Frost           Conj/Ice       #.....       54%         2    ###....

Your spell library contained the following spells:

 Spells                   Type           Power        Failure   Level  Hunger
 Ozocubu's Armour         Chrm/Ice       #.......     86%         3    ###....
 Summon Ice Beast         Ice/Summ       #.......     99%         4    #####..
 Throw Icicle             Conj/Ice       #.......     99%         4    #####..


Dungeon Overview and Level Annotations

Branches:
Dungeon (3/15)

Altars:
Makhleb


Message History

A bullfrog skeleton is nearby!
You hit the bullfrog skeleton. The bullfrog skeleton hits you.
The bullfrog skeleton barely misses you.
You hit the bullfrog skeleton.
The bullfrog skeleton barely misses you.
Your shield prevents you from hitting the bullfrog skeleton.
You block the bullfrog skeleton's attack.
You hit the bullfrog skeleton but do no damage.
The bullfrog skeleton hits you.
You block the bullfrog skeleton's attack.
You hit the bullfrog skeleton. The bullfrog skeleton hits you.
You hit the bullfrog skeleton.
You block the bullfrog skeleton's attack.
The bullfrog skeleton closely misses you.
You hit the bullfrog skeleton.
You block the bullfrog skeleton's attack.
You hit the bullfrog skeleton. The bullfrog skeleton hits you!
* * * LOW HITPOINT WARNING * * *
You are too injured to fight recklessly!
You are too injured to fight recklessly!
You hit the bullfrog skeleton. The bullfrog skeleton hits you.
* * * LOW HITPOINT WARNING * * *
The bullfrog skeleton hits you.
* * * LOW HITPOINT WARNING * * *
You barely miss the bullfrog skeleton. The bullfrog skeleton hits you.
* * * LOW HITPOINT WARNING * * *
The bullfrog skeleton hits you but does no damage.
The bullfrog skeleton hits you.
* * * LOW HITPOINT WARNING * * *
You block the bullfrog skeleton's attack.
You hit the bullfrog skeleton.
The bullfrog skeleton barely misses you.
You completely miss the bullfrog skeleton.
You block the bullfrog skeleton's attack.
The bullfrog skeleton barely misses you.
You completely miss the bullfrog skeleton.
The bullfrog skeleton barely misses you.
Okay, then.
It was a potion of haste.
You feel yourself speed up. The bullfrog skeleton hits you.
* * * LOW HITPOINT WARNING * * *
The bullfrog skeleton hits you.
* * * LOW HITPOINT WARNING * * *
Your shield prevents you from hitting the bullfrog skeleton.
You hit the bullfrog skeleton.
The bullfrog skeleton hits you but does no damage.
You hit the bullfrog skeleton.
You block the bullfrog skeleton's attack.
You barely miss the bullfrog skeleton. The bullfrog skeleton hits you.
You die...

......##..#.#.#...........
#....##....#............. #
#.#.....##..#####..<#..###.#
.#.#.#######...###.###......
.......)...................
.#.#.........#..##.###..##
#.......##.....##......######+
#.#.....#......##.............
#.......#......@Z.............
###....##..#...##.............
#.#...#............#........
...#.#.#.###..#....###.......
..... .#. ....#...#+ #..###.
## ##..#..## #..# #..#.## #..
#..#.


You could see a bullfrog skeleton.

Vanquished Creatures
  2 adders (D:2)
  A worm (D:2)
  A dart slug (D:1)
  3 leopard geckos
  3 giant cockroaches
  9 hobgoblins
  3 kobolds
  3 quokkas (D:2)
  A ball python (D:1)
  3 bats (D:1)
  3 frilled lizards
  10 goblins (D:2)
  5 rats
47 creatures vanquished.

Notes
Turn   | Place    | Note
-------+----------+-------------------------------------------
     0 | D:1      | MalarOregon the Merfolk Ice Elementalist began the quest
                  | for the Orb.
     0 | D:1      | Reached XP level 1. HP: 13/13 MP: 3/3
   554 | D:1      | Reached XP level 2. HP: 18/20 MP: 1/5
   601 | D:1      | Learned a level 2 spell: Throw Frost
  1399 | D:2      | Reached XP level 3. HP: 23/25 MP: 0/6
  1483 | D:2      | Reached skill level 1 in Fighting
  1483 | D:2      | Reached skill level 1 in Conjurations
  1673 | D:2      | Reached skill level 1 in Shields
  1683 | D:2      | Found a burning altar of Makhleb.
  1869 | D:2      | Reached XP level 4. HP: 29/32 MP: 1/7
  1916 | D:2      | Reached skill level 4 in Ice Magic
  2567 | D:3      | HP: 1/32 [bullfrog skeleton (1)]
  2571 | D:3      | Slain by a bullfrog skeleton

Skill      XL: |  1  2  3  4 |
---------------+-------------+-----
Dodging        | 3 |  3.3
Fighting       | 1 |  1.3
Conjurations   | 1 |  1.2
Shields        | 1 |  1.0
Ice Magic      | 4 |  4.0
Stealth        | |  2.1
Spellcasting   | |  2.4

Action                   |  1- 3 |  4- 6 || total
-------------------------+-------+-------++-------
Melee: Unarmed           |    36 |       ||    36
       Dagger            |    38 |    58 ||    96
 Cast: Freeze            |    41 |    11 ||    52
       Throw Frost       |     3 |       ||     3
  Use: Scroll            |     9 |       ||     9
       Potion            |       |     1 ||     1
 Stab: Sleeping          |     1 |       ||     1
  Eat: Chunk             |    12 |     9 ||    21
Armor: Robe              |    28 |     8 ||    36
Dodge: Dodged            |    68 |    27 ||    95
Block: Shield            |    41 |    19 ||    60
